[Event "Titled Tuesday Blitz August 1 Late 2023"]
[White "WindWhistler11"]
[Black "Kochiev, Ivan"]
[BlackFideId "2917890"]
[WhiteElo "2434"]
[BlackElo "2549"]
[Result "0-1"]
[Round "5"]
[TimeControl "180+1"]
[Date "2023.08.01"]
[WhiteClock "0:00:13"]
[BlackClock "0:00:06"]
[Board "80"]

1. Nf3 Nf6 2. g3 b5 3. a4 b4 4. c3 c5 5. Bg2 Bb7 6. d4 e6 7. Nbd2 d5 8. dxc5 Bxc5 9. Nb3 Be7 10. O-O O-O 11. cxb4 Bxb4 12. Be3 Ne4 13. Ne5 Nd7 14. Nd3 Be7 15. a5 Rc8 16. Bxa7 Ba6 17. Be3 Bf6 18. f3 Nd6 19. Nbc5 Nxc5 20. Nxc5 Nc4 21. Bf2 Nxb2 22. Qd2 Nc4 23. Qb4 Bxa1 24. Rxa1 Qd6 25. Rd1 Rb8 26. Qc3 Rfc8 27. Ne4 Qa3 28. Qxa3 Nxa3 29. Nc5 Bxe2 30. Re1 Bc4 31. f4 Ra8 32. Nb7 Rc7 33. Nd6 Rc6 34. Nb7 Rc7 35. Nd6 Nb5 36. Bb6 Rc6 37. Nxc4 Rxc4 38. f5 Rc6 39. Bh3 Re8 40. Bf1 Nd6 41. fxe6 fxe6 42. Rd1 Nc4 43. Bxc4 Rxc4 44. Kg2 Kf7 45. Kh3 Ke7 46. Rf1 Kd7 47. Rf7+ Re7 48. Rf8 Kc6 49. Rb8 d4 50. Rd8 Rd7 51. Re8 d3 52. Rxe6+ Kd5 53. Re1 d2 54. Rd1 Kc6 55. Be3 Re4 56. Bxd2 Red4 57. Rc1+ Kb5 58. Bc3 Rd3 59. Rb1+ Ka6 60. Bb4 Rb7 61. Rb2 Rd4 62. Bc3 Rxb2 63. Bxb2 Rd7 64. Be5 Kxa5 65. Bf4 Kb5 66. Kg4 Kc4 67. h4 Kd5 68. Kf5 Rf7+ 69. Kg5 Ke4 70. h5 Rf5+ 71. Kg4 Rb5 72. Bg5 Kd5 73. Bf4 Ke6 74. Bg5 Rb1 75. Bf4 Rb5 76. h6 g6 77. Bg5 Kf7 78. Bf4 Rh5 79. Kf3 Ke6 80. Kg4 Kd5 81. Be3 Ke4 82. Bf4 Rh1 83. Bg5 Rf1 84. Bf4 Rh1 85. Kg5 Rh5+ 86. Kf6 Rd5 87. Kg7 Rd7+ 88. Kg8 Kf3 89. Kf8 Kg4 90. Kg8 Kh5 91. Kh8 g5 92. Kg8 gxf4 93. g4+ Kxh6 94. Kf8 Kg5 0-1


[Site "https://www.chess.com"]

[Event "Titled Tuesday Blitz August 1 Late 2023"]
[White "Cheng, Xiao"]
[Black "Keleberda, Tymur"]
[WhiteFideId "2022915"]
[BlackFideId "14174294"]
[WhiteElo "2434"]
[BlackElo "2544"]
[Result "1-0"]
[Round "5"]
[TimeControl "180+1"]
[Date "2023.08.01"]
[WhiteClock "0:00:42"]
[BlackClock "0:01:03"]
[Board "81"]

1. e4 c5 2. Nf3 d6 3. d4 cxd4 4. Nxd4 Nf6 5. Nc3 a6 6. Bc4 b5 7. Bb3 e6 8. Qe2 Qc7 9. Bg5 Nbd7 10. O-O-O h6 11. Bxf6 Nxf6 12. Kb1 Be7 13. f4 O-O 14. g4 Nh7 15. h4 Qb6 16. g5 Bb7 17. gxh6 g6 18. h5 Kh8 19. hxg6 fxg6 20. Nxe6 Rfe8 21. Nd5 Bxd5 22. Bxd5 Rac8 23. Rhg1 Bf6 24. Rxg6 a5 25. Qg2 Rg8 26. Rg1 Rxg6 27. Qxg6 Qc5 28. Nd4 1-0


[Site "https://www.chess.com"]

[Event "Titled Tuesday Blitz August 1 Late 2023"]
[White "Ingunza Curro, Andres"]
[Black "Hajiyev, Kanan"]
[WhiteFideId "24526371"]
[BlackFideId "13404148"]
[WhiteElo "2430"]
[BlackElo "2540"]
[Result "0-1"]
[Round "5"]
[TimeControl "180+1"]
[Date "2023.08.01"]
[WhiteClock "0:00:11"]
[BlackClock "0:00:28"]
[Board "82"]

1. e4 c6 2. d4 d5 3. e5 a6 4. Nf3 Bg4 5. h3 Bxf3 6. Qxf3 e6 7. c3 c5 8. dxc5 Bxc5 9. Bd3 Ne7 10. Qg4 Ng6 11. O-O Nc6 12. Qg3 Ncxe5 13. Bg5 Be7 14. Bxe7 Qxe7 15. Be2 Qh4 16. Qxh4 Nxh4 17. f4 Nc6 18. Nd2 O-O 19. g3 Nf5 20. Kf2 b5 21. a4 b4 22. a5 bxc3 23. bxc3 Rfc8 24. Rfb1 Nce7 25. Rb3 f6 26. Nf3 Rc5 27. Rb6 Kf7 28. Rxa6 Rxa6 29. Bxa6 Rxc3 30. Be2 Nc6 31. a6 Na7 32. Rb1 Nd6 33. Rb6 Ke7 34. Nd4 Kd7 35. Bg4 Ne4+ 36. Ke1 f5 37. Be2 Nd6 38. g4 g6 39. gxf5 gxf5 40. Bh5 Rxh3 41. Bf3 Rh4 42. Ne2 Rh3 43. Kf2 Rh2+ 44. Ke3 Nc4+ 0-1


[Site "https://www.chess.com"]

[Event "Titled Tuesday Blitz August 1 Late 2023"]
[White "Todorovic, Bojan"]
[Black "Grinev, Valeriy"]
[WhiteFideId "917087"]
[BlackFideId "14117517"]
[WhiteElo "2429"]
[BlackElo "2540"]
[Result "1-0"]
[Round "5"]
[TimeControl "180+1"]
[Date "2023.08.01"]
[WhiteClock "0:01:08"]
[BlackClock "0:01:38"]
[Board "83"]

1. c4 e5 2. Nc3 Nc6 3. Nf3 f5 4. d4 e4 5. Ng5 h6 6. Nh3 g5 7. e3 d6 8. Qh5+ Kd7 9. Qf7+ Nge7 10. Nd5 Nb8 11. Nf6+ Kc6 12. d5+ Kb6 13. b4 a5 14. Bb2 axb4 15. Bd4+ Ka5 16. a3 b3 17. Rb1 b6 18. Rxb3 Nd7 19. Nxd7 Bxd7 20. Bxh8 f4 21. Bc3+ Ka4 22. Rb4+ Kxa3 23. Kd2 Nf5 24. Be2 fxe3+ 25. fxe3 Nxe3 26. Ra1# 1-0


[Site "https://www.chess.com"]

[Event "Titled Tuesday Blitz August 1 Late 2023"]
[White "Vega Gutierrez, Sabrina"]
[Black "Fiorito, Francisco"]
[WhiteFideId "2219026"]
[BlackFideId "180165"]
[WhiteElo "2423"]
[BlackElo "2537"]
[Result "1-0"]
[Round "5"]
[TimeControl "180+1"]
[Date "2023.08.01"]
[WhiteClock "0:00:13"]
[BlackClock "0:00:00"]
[Board "84"]

1. e4 a6 2. d4 b5 3. Bd3 Bb7 4. Nf3 e6 5. O-O Nf6 6. Re1 d5 7. e5 Nfd7 8. Bg5 Qc8 9. Nbd2 h6 10. Be3 c5 11. c3 Nc6 12. h4 Be7 13. Nf1 Qc7 14. a3 c4 15. Bc2 a5 16. Ng3 g6 17. Qd2 Bf8 18. h5 g5 19. Nh2 Qb6 20. Rf1 O-O-O 21. f4 gxf4 22. Rxf4 Rg8 23. Ne2 Rg5 24. Rxf7 Rxh5 25. Nf4 Rh4 26. Nxe6 Re8 27. Bf5 Be7 28. Nc5 Nb8 29. Rf1 Bc6 30. Bh3 Rxh3 31. gxh3 Bxc5 32. dxc5 Qd8 33. Bd4 Nxe5 34. Qf4 Nbd7 35. Kh1 Nxf7 36. Qxf7 Rf8 37. Qe6 Rxf1+ 38. Nxf1 Kb7 39. Qxh6 Qe8 40. Qf4 Qg6 41. h4 Qc2 42. h5 Qxb2 43. h6 Qc2 44. Ne3 Qb1+ 45. Kh2 Qg6 46. Ng4 Qh5+ 47. Kg3 b4 48. axb4 axb4 49. cxb4 c3 50. Bxc3 d4 51. Bxd4 Qh1 52. Ne3 Qg1+ 53. Kh4 Qh1+ 54. Kg5 Qg1+ 55. Kf5 Qh1 56. Ke6 Qh3+ 57. Ke7 Qh1 58. Kd8 Qh5 59. Qc7+ Ka8 60. Qxc6+ Kb8 61. Qc7+ Ka8 62. Qc8+ Nb8 63. Qe6 Qg5+ 64. Bf6 1-0


[Site "https://www.chess.com"]

[Event "Titled Tuesday Blitz August 1 Late 2023"]
[White "Poltorak, Sebastian"]
[Black "Davidson, Kevin"]
[WhiteFideId "1199498"]
[BlackFideId "2056810"]
[WhiteElo "2534"]
[BlackElo "2419"]
[Result "1-0"]
[Round "5"]
[TimeControl "180+1"]
[Date "2023.08.01"]
[WhiteClock "0:00:04"]
[BlackClock "0:00:00"]
[Board "85"]

1. Nc3 c5 2. e4 a6 3. g3 b5 4. Bg2 Bb7 5. d3 e6 6. Nh3 Nf6 7. O-O b4 8. Ne2 d6 9. f4 Be7 10. Nf2 O-O 11. Be3 Nc6 12. Qd2 a5 13. g4 Re8 14. g5 Nd7 15. h4 Bf8 16. Ng4 g6 17. Ng3 Bg7 18. Rab1 f5 19. gxf6 Nxf6 20. Nxf6+ Qxf6 21. Bf2 Bh6 22. Ne2 e5 23. Be3 Qxh4 24. f5 Bxe3+ 25. Qxe3 Rf8 26. Rf3 Nd4 27. Rh3 Nxe2+ 28. Qxe2 Qg5 29. Kh2 Qf4+ 30. Rg3 Qh4+ 31. Rh3 Qf4+ 32. Rg3 Qh4+ 33. Bh3 Rf6 34. Rbg1 Kg7 35. Rg4 Qh6 36. Qf2 g5 37. Rxg5+ Kh8 38. Qg3 Rff8 39. Rg7 Ba6 40. b3 Qf4 41. Qxf4 exf4 42. R7g4 Rg8 43. Rxf4 1-0


[Site "https://www.chess.com"]

[Event "Titled Tuesday Blitz August 1 Late 2023"]
[White "Rodriguez Fontecha, Marcos"]
[Black "Mladek, Richard"]
[WhiteFideId "2256576"]
[BlackFideId "386588"]
[WhiteElo "2419"]
[BlackElo "2534"]
[Result "0-1"]
[Round "5"]
[TimeControl "180+1"]
[Date "2023.08.01"]
[WhiteClock "0:00:34"]
[BlackClock "0:01:41"]
[Board "86"]

1. e4 f5 2. exf5 Nf6 3. Nf3 d5 4. d4 c5 5. c3 Bxf5 6. Bd3 Be4 7. O-O Nc6 8. Ne5 e6 9. Nxc6 bxc6 10. Bxe4 dxe4 11. Qa4 Qb6 12. dxc5 Bxc5 13. b4 Bxf2+ 14. Kh1 e3 15. Qc2 Qb5 16. c4 Qh5 17. Nc3 O-O 18. Bb2 Ng4 19. h3 Rf3 20. Rxf2 exf2 0-1


[Site "https://www.chess.com"]

[Event "Titled Tuesday Blitz August 1 Late 2023"]
[White "i_like_explosions"]
[Black "Janaszak, Dawid"]
[BlackFideId "1119206"]
[WhiteElo "2416"]
[BlackElo "2531"]
[Result "1/2-1/2"]
[Round "5"]
[TimeControl "180+1"]
[Date "2023.08.01"]
[WhiteClock "0:00:09"]
[BlackClock "0:00:19"]
[Board "87"]

1. d4 d5 2. c4 c5 3. dxc5 d4 4. Nf3 Nc6 5. e3 e5 6. exd4 exd4 7. Bd3 Bxc5 8. O-O Nge7 9. a3 a5 10. Bf4 O-O 11. Nbd2 Ng6 12. Bg3 a4 13. Re1 Re8 14. Qc2 Bd7 15. Ne4 Bf8 16. Nd6 Rxe1+ 17. Rxe1 Bg4 18. Nb5 Bxf3 19. gxf3 Qf6 20. Qe2 h5 21. Qe4 h4 22. Bc7 Qg5+ 23. Kh1 Qd2 24. Qe2 Qg5 25. Rg1 Qf6 26. Rg4 Rc8 27. f4 Nce7 28. Qe4 Qc6 29. f5 Rxc7 30. Nxc7 Ne5 31. Nd5 Nxg4 32. Qxg4 Nxd5 33. cxd5 Qxd5+ 34. Qe4 Qxe4+ 35. Bxe4 b6 36. h3 Bd6 37. Kg1 Be5 38. Bd3 Kf8 39. Kf1 Ke7 40. Ke2 Kd6 41. Bb5 d3+ 42. Kxd3 Bxb2 43. Bxa4 Bxa3 44. Bb3 Ke7 45. f3 Bc5 46. Ke4 Kf6 47. Bd5 Bd6 48. Bb3 b5 49. Bd5 b4 50. Bb3 Ke7 51. Bd5 f6 52. Bb3 Be5 53. Bd5 Kd6 54. Bb3 Kc5 55. Be6 Bd6 56. Bf7 Kb5 57. Bb3 Be5 58. Kd5 Bc3 59. Ke4 Kc5 60. Bf7 Kd6 61. Bb3 Be5 62. Bg8 Bg3 63. Bb3 Be1 64. Bg8 Bc3 65. Bb3 Kc5 66. Bg8 Kb5 67. Bb3 Ka5 68. Kd5 Kb6 69. Ke4 Kc6 70. Bd5+ Kd6 71. Bb3 1/2-1/2


[Site "https://www.chess.com"]

[Event "Titled Tuesday Blitz August 1 Late 2023"]
[White "Zhang, Derek"]
[Black "Kielinkei"]
[WhiteFideId "2087871"]
[WhiteElo "2529"]
[BlackElo "2414"]
[Result "0-1"]
[Round "5"]
[TimeControl "180+1"]
[Date "2023.08.01"]
[WhiteClock "0:00:01"]
[BlackClock "0:00:27"]
[Board "88"]

1. Nf3 d5 2. c4 d4 3. b4 g5 4. h3 h6 5. e3 dxe3 6. fxe3 Bg7 7. d4 Qd6 8. Qd2 a5 9. c5 Qg3+ 10. Kd1 axb4 11. Qxb4 Nc6 12. Qe1 Qxe1+ 13. Nxe1 Nxd4 14. Bb2 Nf5 15. Bxg7 Nxg7 16. Nc3 c6 17. Nf3 Nf5 18. Kd2 Ng3 19. Rg1 Nxf1+ 20. Rgxf1 Nf6 21. Nd4 O-O 22. Rab1 Nd5 23. Rb2 Rd8 24. e4 Nxc3 25. Kxc3 Ra4 26. Rd2 e5 27. Nb3 Rxd2 28. Nxd2 Ra3+ 29. Nb3 Rxa2 30. Rd1 Be6 31. Rd8+ Kg7 32. Nd2 Ra3+ 33. Kb2 Rg3 34. Rb8 Rxg2 35. Kc2 h5 36. Rxb7 g4 37. hxg4 h4 38. Rb1 h3 39. Rh1 h2 40. Kd3 Bxg4 41. Ke3 Re2+ 42. Kd3 Kg6 43. Nf1 Re1 44. Kd2 Rxf1 45. Rxf1 Bf3 46. Rxf3 h1=Q 47. Rg3+ Kf6 48. Ke3 Qc1+ 49. Kf3 Qxc5 50. Kg4 Ke6 51. Rh3 Qd4 52. Rh6+ f6 53. Kf3 Qd3+ 0-1


[Site "https://www.chess.com"]

[Event "Titled Tuesday Blitz August 1 Late 2023"]
[White "Ortega Amarelle, Mariano"]
[Black "Kazakov, Mikhail"]
[WhiteFideId "3504301"]
[BlackFideId "14102749"]
[WhiteElo "2523"]
[BlackElo "2408"]
[Result "0-1"]
[Round "5"]
[TimeControl "180+1"]
[Date "2023.08.01"]
[WhiteClock "0:00:00"]
[BlackClock "0:00:05"]
[Board "89"]

1. Nf3 Nf6 2. c4 c6 3. d4 d6 4. Nc3 g6 5. e4 Bg7 6. g3 O-O 7. Bg2 a6 8. O-O Nbd7 9. b3 e5 10. Qc2 Re8 11. Rd1 exd4 12. Nxd4 Qc7 13. h3 Nc5 14. Be3 Nfd7 15. f4 Nf8 16. Bf2 Nce6 17. Nde2 Nd7 18. Rd2 Qb8 19. Rad1 Bf8 20. g4 b5 21. a3 bxc4 22. bxc4 Qc7 23. Na4 Rb8 24. Bg3 Nec5 25. Nec3 Nxa4 26. Nxa4 Qa7+ 27. Kh2 Qc7 28. c5 dxc5 29. Rxd7 Bxd7 30. f5 Qa7 31. e5 Rbd8 32. e6 fxe6 33. fxg6 Bc8 34. gxh7+ Qxh7 35. Be4 Qg7 36. Re1 Bd6 37. Bxd6 Rxd6 38. Nxc5 Red8 39. Qc4 Rd2+ 40. Kg1 Qd4+ 41. Qxd4 R8xd4 42. Bg2 Rc2 43. Ne4 Ra2 44. Rb1 Rd8 45. Rb8 e5 46. g5 Rxg2+ 47. Kxg2 Bxh3+ 48. Kxh3 Rxb8 49. Kg4 Rb3 50. Kf5 Rxa3 51. Kxe5 Rd3 52. g6 Kg7 53. Nc5 Rd5+ 0-1


[Site "https://www.chess.com"]

[Event "Titled Tuesday Blitz August 1 Late 2023"]
[White "Sliwicki, Damian"]
[Black "Chor, Kevin"]
[WhiteFideId "1127128"]
[BlackFideId "2090740"]
[WhiteElo "2408"]
[BlackElo "2519"]
[Result "0-1"]
[Round "5"]
[TimeControl "180+1"]
[Date "2023.08.01"]
[WhiteClock "0:00:00"]
[BlackClock "0:01:18"]
[Board "90"]

1. e4 c5 2. Nf3 Nc6 3. Bb5 Qb6 4. Nc3 e6 5. O-O Nge7 6. Re1 Ng6 7. Bxc6 bxc6 8. d4 cxd4 9. Nxd4 Be7 10. Nf5 exf5 11. exf5 Nf8 12. Bg5 f6 13. Be3 Qa5 14. Qe2 Kf7 15. Bb6 Qe5 16. Qc4+ d5 0-1


[Site "https://www.chess.com"]

[Event "Titled Tuesday Blitz August 1 Late 2023"]
[White "Tikhonov, Viacheslav"]
[Black "Stachanczyk, Jacek"]
[WhiteFideId "44196407"]
[BlackFideId "1116657"]
[WhiteElo "2519"]
[BlackElo "2407"]
[Result "1-0"]
[Round "5"]
[TimeControl "180+1"]
[Date "2023.08.01"]
[WhiteClock "0:00:29"]
[BlackClock "0:00:00"]
[Board "91"]

1. d4 d5 2. c4 c6 3. Nf3 Nf6 4. g3 dxc4 5. Bg2 Bf5 6. O-O h6 7. Ne5 Nbd7 8. Nxc4 e6 9. Bf4 Nb6 10. Na5 Qd7 11. Qb3 Be7 12. Nc3 O-O 13. Rad1 Nfd5 14. Bc1 Nb4 15. e4 Bg4 16. f3 Bh5 17. Be3 Qc7 18. Bf4 Qd7 19. Rd2 c5 20. dxc5 Bxc5+ 21. Kh1 Qe7 22. Rfd1 e5 23. a3 Na6 24. Nd5 Nxd5 25. Rxd5 exf4 26. Rxh5 fxg3 27. hxg3 b6 28. Nc4 Nc7 29. Ne3 Bxe3 30. Qxe3 Rad8 31. Rc1 Ne6 32. Rd5 Qf6 33. Qc3 Qg6 34. f4 Nc5 35. Qe3 Rxd5 36. exd5 Qh5+ 37. Kg1 f6 38. b4 Re8 39. Qf3 Qxf3 40. Bxf3 Nd3 41. Rc7 Re1+ 42. Kh2 Ra1 43. d6 Ra2+ 44. Kg1 Rd2 45. Bd5+ Kh7 46. d7 Ne1 47. d8=Q 1-0


[Site "https://www.chess.com"]

[Event "Titled Tuesday Blitz August 1 Late 2023"]
[White "Sreyas Payyappat"]
[Black "Pesotskiy, Mikhail"]
[WhiteFideId "46674969"]
[BlackFideId "34164453"]
[WhiteElo "2518"]
[BlackElo "2401"]
[Result "0-1"]
[Round "5"]
[TimeControl "180+1"]
[Date "2023.08.01"]
[WhiteClock "0:00:51"]
[BlackClock "0:00:48"]
[Board "92"]

1. e4 e6 2. d4 d5 3. Nc3 Bb4 4. e5 c5 5. a3 Ba5 6. b4 cxd4 7. Nb5 Bc7 8. f4 Bd7 9. Nxd4 Ne7 10. Bd3 Nbc6 11. Ngf3 Nxd4 12. Nxd4 Bb6 13. Be3 Nc6 14. c3 O-O 15. O-O Rc8 16. Rf3 Nxd4 17. cxd4 f5 18. Rh3 Rc3 19. g4 Ba4 20. Qd2 Qc7 21. Bf2 Bc2 22. Rc1 Rc8 23. Bxf5 exf5 24. Rxc3 Qxc3 25. Qxc3 Rxc3 26. gxf5 Rc7 27. f6 gxf6 28. exf6 Kf7 29. Re1 Be4 0-1


[Site "https://www.chess.com"]

[Event "Titled Tuesday Blitz August 1 Late 2023"]
[White "ATM622"]
[Black "AndresDelgado77"]
[WhiteElo "2516"]
[BlackElo "2378"]
[Result "1/2-1/2"]
[Round "5"]
[TimeControl "180+1"]
[Date "2023.08.01"]
[WhiteClock "0:00:02"]
[BlackClock "0:00:02"]
[Board "93"]

1. d4 Nf6 2. c4 c6 3. g3 d5 4. Bg2 Bf5 5. Nf3 e6 6. O-O h6 7. Nc3 Nbd7 8. Re1 Be7 9. Ne5 Nxe5 10. dxe5 Ng4 11. cxd5 exd5 12. e4 dxe4 13. Bxe4 Qxd1 14. Nxd1 Bxe4 15. Rxe4 f5 16. Re2 O-O-O 17. Bd2 Rd5 18. Bc3 Rhd8 19. Re1 Bc5 20. Kg2 Re8 21. e6 Bd4 22. h3 Nf6 23. Bxd4 Rxd4 24. Nc3 Rd6 25. Re5 g6 26. Rae1 Re7 27. Nd1 Nd5 28. g4 fxg4 29. hxg4 Nb4 30. R5e4 Nd3 31. R1e2 Nc5 32. Rc4 Rexe6 33. Ne3 Nd3 34. Kg3 g5 35. Nf5 Rxe2 36. Nxd6+ Kc7 37. Nf5 Nxf2 38. Nxh6 Rxb2 39. Nf7 Nd1 40. Nxg5 Rxa2 41. Ne6+ Kd6 42. Nd8 Ra3+ 43. Kf4 Ne3 44. Re4 Nd5+ 45. Kg5 Kd7 46. Nxb7 Rg3 47. Kh4 Rg1 48. Kg5 Kc7 49. Nc5 Kd6 50. Nb7+ Kc7 51. Nc5 Kd6 52. Na6 c5 53. Re8 Kc6 54. Rc8+ Kb7 55. Rxc5 Ne3 56. Ra5 Rxg4+ 57. Kh5 Rg1 58. Nb4 Kb6 59. Ra6+ Kb5 60. Rxa7 Kxb4 61. Re7 Nc4 62. Re8 Kc3 63. Kh4 Kd4 64. Re7 Rg6 65. Re8 Ne5 66. Rd8+ Ke4 67. Rf8 Rg1 68. Kh3 Nf3 69. Re8+ Kf4 70. Rf8+ Ke3 71. Rf7 Kf2 72. Rg7 Rh1+ 73. Kg4 Rg1+ 74. Kh3 Rxg7 1/2-1/2


[Site "https://www.chess.com"]

[Event "Titled Tuesday Blitz August 1 Late 2023"]
[White "Shapiro, Daniel"]
[Black "Estrada Nieto, Julian"]
[WhiteFideId "2001780"]
[BlackFideId "5101018"]
[WhiteElo "2386"]
[BlackElo "2515"]
[Result "0-1"]
[Round "5"]
[TimeControl "180+1"]
[Date "2023.08.01"]
[WhiteClock "0:00:00"]
[BlackClock "0:00:23"]
[Board "94"]

1. d4 d5 2. c4 dxc4 3. e4 e5 4. Nf3 exd4 5. Bxc4 Nc6 6. O-O Be6 7. Bxe6 fxe6 8. Qb3 Qd7 9. Qxb7 Rb8 10. Qa6 Nf6 11. Nbd2 Bd6 12. a3 O-O 13. Re1 Ng4 14. Qa4 Bf4 15. Nf1 Qd6 16. Ng3 Nce5 17. Nxd4 Nd3 18. Rd1 Ngxf2 19. Bxf4 Rxf4 20. Rd2 Qb6 21. Rf1 Rbf8 22. h3 h6 23. Qc4 Nc5 0-1


[Site "https://www.chess.com"]

[Event "Titled Tuesday Blitz August 1 Late 2023"]
[White "Kostiukov, Alexandr"]
[Black "Petesch, Gabriel"]
[WhiteFideId "14108100"]
[BlackFideId "2032465"]
[WhiteElo "2359"]
[BlackElo "2514"]
[Result "0-1"]
[Round "5"]
[TimeControl "180+1"]
[Date "2023.08.01"]
[WhiteClock "0:00:00"]
[BlackClock "0:00:07"]
[Board "95"]

1. g3 h5 2. Nf3 d6 3. d4 Nc6 4. c4 g6 5. Nc3 Bg7 6. Bg2 Nf6 7. d5 Ne5 8. Nxe5 dxe5 9. h3 Bd7 10. O-O Qc8 11. h4 Bh3 12. e4 O-O 13. Bg5 Re8 14. Kh2 Ng4+ 15. Kg1 Nf6 16. Qe2 a6 17. Rfd1 Nh7 18. Be3 Bxg2 19. Kxg2 b6 20. b4 a5 21. a3 Nf6 22. f3 Nd7 23. c5 bxc5 24. bxc5 c6 25. Qc4 Bf8 26. Rab1 Ra7 27. Na4 Rc7 28. d6 Rb7 29. Nb6 Nxb6 30. Rxb6 exd6 31. Rxb7 Qxb7 32. cxd6 Rd8 33. Bc5 Qb2+ 34. Kg1 Kg7 35. Rd3 Rd7 36. a4 Rb7 37. d7 Bxc5+ 0-1


[Site "https://www.chess.com"]

[Event "Titled Tuesday Blitz August 1 Late 2023"]
[White "Kanakaris, Georgios"]
[Black "Kujawski, Adam"]
[WhiteFideId "4209460"]
[BlackFideId "1100920"]
[WhiteElo "2513"]
[BlackElo "2358"]
[Result "1-0"]
[Round "5"]
[TimeControl "180+1"]
[Date "2023.08.01"]
[WhiteClock "0:00:20"]
[BlackClock "0:00:00"]
[Board "96"]

1. d4 Nf6 2. c4 e6 3. Nc3 Bb4 4. e3 c5 5. Bd3 d6 6. Nf3 Bxc3+ 7. bxc3 Nc6 8. O-O e5 9. d5 Ne7 10. e4 Ng6 11. Rb1 O-O 12. Ne1 h6 13. g3 b6 14. Ng2 Re8 15. f3 h5 16. Ne3 Bh3 17. Rf2 Qd7 18. Bc2 Rf8 19. Nf5 Ne7 20. Ba4 Qd8 21. Nh4 Ng6 22. Nf5 Ne7 23. Qd3 Nxf5 24. exf5 e4 25. fxe4 Ng4 26. Rf4 Ne5 27. Qe2 Bg4 28. Qf1 g5 29. Rf2 h4 30. gxh4 gxh4 31. Rg2 Kh7 32. Qf4 Qf6 33. h3 Bxh3 34. Rh2 Rg8+ 35. Kh1 Qg7 36. Qxh4+ 1-0


[Site "https://www.chess.com"]

[Event "Titled Tuesday Blitz August 1 Late 2023"]
[White "Willy, Stephen"]
[Black "Prado Lobo, Jonas"]
[WhiteFideId "30981468"]
[BlackFideId "32050666"]
[WhiteElo "2487"]
[BlackElo "2510"]
[Result "0-1"]
[Round "5"]
[TimeControl "180+1"]
[Date "2023.08.01"]
[WhiteClock "0:00:03"]
[BlackClock "0:00:06"]
[Board "98"]

1. e4 Nc6 2. d4 e5 3. dxe5 Nxe5 4. Nf3 Nxf3+ 5. Qxf3 d6 6. Bc4 Nf6 7. Nc3 Be7 8. O-O O-O 9. Bg5 Be6 10. Bxe6 fxe6 11. Qe2 Nd7 12. Be3 Bf6 13. Qc4 Re8 14. Rad1 Nb6 15. Qb3 Qd7 16. Nb5 Qc6 17. f3 a5 18. Nxd6 cxd6 19. Qxb6 Ra6 20. Qb3 a4 21. Qb4 Qxc2 22. Qxb7 Rea8 23. Rxd6 Rxd6 24. Qxa8+ Rd8 25. Qa6 Bxb2 26. Qxe6+ Kh8 27. h3 h6 28. e5 Rd3 29. Qg6 Qe2 30. Bxh6 gxh6 31. Qxh6+ Kg8 32. Qg6+ Kh8 33. f4 Bd4+ 34. Kh2 Qxf1 35. Qh6+ Kg8 36. Qg6+ Kf8 37. Qf6+ Ke8 38. Qe6+ Kd8 39. Qd6+ Kc8 40. Qc6+ Kb8 41. Qb5+ Kc7 42. Qc4+ Kb6 43. Qb4+ Kc6 44. Qc4+ Bc5 45. Qxa4+ Kd5 46. Qd7+ Ke4 47. Qh7+ Ke3 48. e6 Qxf4+ 49. g3 Qf2+ 50. Kh1 Rd1# 0-1


[Site "https://www.chess.com"]

[Event "Titled Tuesday Blitz August 1 Late 2023"]
[White "FromTexas54"]
[Black "Garcia-Castany Musellas, Gal.la"]
[BlackFideId "2241803"]
[WhiteElo "2507"]
[BlackElo "2341"]
[Result "1-0"]
[Round "5"]
[TimeControl "180+1"]
[Date "2023.08.01"]
[WhiteClock "0:01:43"]
[BlackClock "0:00:01"]
[Board "99"]

1. e4 c6 2. c4 d5 3. cxd5 cxd5 4. exd5 Nf6 5. Nc3 Nxd5 6. Bc4 e6 7. Nf3 Be7 8. O-O O-O 9. d4 Nc6 10. Re1 b6 11. h3 Nxc3 12. bxc3 Bb7 13. Bd3 Bf6 14. Bf4 Rc8 15. Rc1 Na5 16. Ne5 Bd5 17. Re3 Nc4 18. Rg3 Nxe5 19. dxe5 Bh4 20. Qh5 g6 21. Rg4 Be7 22. Qh6 Re8 23. h4 Bf8 24. Qg5 Qxg5 25. Bxg5 Bc6 26. h5 Bg7 27. Bf6 Bxf6 28. exf6 Red8 29. hxg6 hxg6 30. Ba6 Rc7 31. Rc4 Rdd7 32. Rd4 Rxd4 33. cxd4 Kf8 34. Bb5 Rd7 35. Rxc6 1-0


[Site "https://www.chess.com"]

[Event "Titled Tuesday Blitz August 1 Late 2023"]
[White "Mindhunter08"]
[Black "Villarreal, Agustin"]
[BlackFideId "125687"]
[WhiteElo "2505"]
[BlackElo "2339"]
[Result "0-1"]
[Round "5"]
[TimeControl "180+1"]
[Date "2023.08.01"]
[WhiteClock "0:00:01"]
[BlackClock "0:00:48"]
[Board "100"]

1. e4 e5 2. Nf3 Nc6 3. Bc4 Nf6 4. d3 h6 5. c3 d6 6. Nbd2 g6 7. O-O Bg7 8. Re1 O-O 9. Bb3 d5 10. exd5 Nxd5 11. Ne4 Re8 12. Bxh6 Nxc3 13. Qc1 Nxe4 14. dxe4 Be6 15. Bxg7 Kxg7 16. Qc3 Bxb3 17. Qxb3 Rb8 18. Rad1 Qe7 19. Qc3 Rbd8 20. Rd5 f6 21. Red1 Rxd5 22. exd5 Nd4 23. Nxd4 exd4 24. Qd2 Qe5 25. g3 Qxd5 26. Qf4 c5 27. Qc7+ Kg8 28. h4 d3 29. Qf4 Kf7 30. b3 b5 31. Qh6 Re2 32. Qh7+ Ke6 33. Qxg6 c4 34. bxc4 bxc4 35. Qe8+ Kd6 36. Qd8+ Kc5 37. Qxf6 Qe5 38. Qf8+ Kd4 39. Qd8+ Kc3 40. Qf8 Re1+ 41. Rxe1 Qxe1+ 42. Kg2 Qe4+ 43. Kh2 d2 44. Qa3+ Kc2 45. Qa4+ Kd3 46. Qd7+ Ke2 47. Qb7 Qxb7 0-1


[Site "https://www.chess.com"]

[Event "Titled Tuesday Blitz August 1 Late 2023"]
[White "Kovalevsky, Stanislav"]
[Black "Vasques, Antonio Pedro Freixial"]
[WhiteFideId "13508598"]
[BlackFideId "1908332"]
[WhiteElo "2505"]
[BlackElo "2326"]
[Result "1-0"]
[Round "5"]
[TimeControl "180+1"]
[Date "2023.08.01"]
[WhiteClock "0:00:12"]
[BlackClock "0:00:09"]
[Board "101"]

1. c4 Nf6 2. Nc3 e6 3. e4 e5 4. g3 Nc6 5. Bg2 Bc5 6. Nge2 O-O 7. O-O a6 8. d3 d6 9. h3 Nd4 10. Nxd4 Bxd4 11. Ne2 Ba7 12. Kh2 c6 13. f4 exf4 14. Nxf4 h6 15. Qf3 Qe7 16. Bd2 Nd7 17. Bc3 Ne5 18. Qe2 Be6 19. b3 b5 20. d4 Ng6 21. d5 Nxf4 22. gxf4 Bd7 23. Bf3 bxc4 24. bxc4 cxd5 25. Rg1 Bxg1+ 26. Rxg1 f6 27. cxd5 Bb5 28. Qb2 Rac8 29. Bg4 Qxe4 30. Bxc8 Qxf4+ 31. Rg3 Rxc8 32. Bxf6 g5 33. Bh8 Qf7 34. h4 Bd3 35. Qd4 Rc2+ 36. Rg2 Rxa2 37. Rxa2 1-0


[Site "https://www.chess.com"]